[Event "*** SCC Grand Prix: Titled Tuesday Blitz"]
[Site "Chess.com"]
[Date "2020.06.02"]
[Round "3"]
[White "Orest_Vovk"]
[Black "Ginger_GM"]
[Result "0-1"]
[WhiteElo "2386"]
[BlackElo "2592"]
[TimeControl "180+1"]
[EndTime "10:28:39 PDT"]
[Termination "Ginger_GM won on time"]

1. e4 c5 2. Be2 Nc6 3. f4 Nf6 4. d3 d5 5. Nc3 e6 6. Nf3 b5 7.
Ne5 Bb7 8. Nxc6 Bxc6 9. e5 Ng8 10. O-O h5 11. f5 b4 12. fxe6 fxe6 13. Bxh5+ Kd7 14.
Rf7+ Be7 15. Nb1 Nh6 16. Bxh6 Rxh6 17. Bg4 Qg8 18. Qf1 Ke8 19. Rf3 d4 20. Rh3 Bg5 21. Qe2 Be3+ 22. Kh1 Rxh3 23. Bxh3 Qh7 24. Bxe6 Ke7 25.
Bg4 Rf8 26. Bf3 Qh6 27. Bxc6 Rf2 28. Qe1 Qxc6 29. Qg1 Rxc2 30. Qf1 Rc1 0-1

[Event "*** SCC Grand Prix: Titled Tuesday Blitz"]
[Site "Chess.com"]
[Date "2020.06.02"]
[Round "3"]
[White "CMS13"]
[Black "sergeikim"]
[Result "0-1"]
[WhiteElo "2219"]
[BlackElo "2480"]
[TimeControl "180+1"]
[EndTime "10:28:39 PDT"]
[Termination "sergeikim won on time"]

1. e4 e5 2. Bc4 Nf6 3. Nc3 Bc5 4. d3 Nc6 5. f4 d6 6. Nf3 Bg4 7. Na4 Bb6 8. Nxb6 axb6 9. O-O Nd4 10. fxe5 Bxf3 11.
gxf3 dxe5 12. Kh1 b5 13. Bb3 Nxb3 14. cxb3 O-O 15. Rg1 Kh8 16. f4 Qd4 17. Qf3 Ra6 18. Qg3 Ne8 19. fxe5 Rg6 20. Qe3 Rxg1+ 21. Qxg1 Qxd3 22.
Qe1 Qf3+ 23. Kg1 f6 24. exf6 Rxf6 25. Bg5 Rg6 26. h4 h6 27. Qf1 Qxf1+ 28. Rxf1 Kg8 29. Rf5 hxg5 30. hxg5 Nd6 31. Rc5 c6 32. e5 Rxg5+ 33.
Kf1 Ne4 34. Rc2 Rxe5 35. a4 bxa4 36. bxa4 Kf7 37. b4 Ke6 38. a5 g5 39. a6 bxa6 40.
Rxc6+ Kf5 41. Rxa6 Rb5 42. Ra4 Kf4 43. Kg2 g4 44.
Kh1 Nc3 45. Ra8 Rxb4 46. Rf8+ Kg3 47. Rf1 Rb2 48. Rg1+ Kh3 0-1

[Event "*** SCC Grand Prix: Titled Tuesday Blitz"]
[Site "Chess.com"]
[Date "2020.06.02"]
[Round "3"]
[White "chessbia"]
[Black "capatl"]
[Result "0-1"]
[WhiteElo "2112"]
[BlackElo "2462"]
[TimeControl "180+1"]
[EndTime "10:28:39 PDT"]
[Termination "capatl won by resignation"]

1. d4 Nf6 2. c4 e6 3. Nc3 d5 4. Nf3 Nbd7 5. e3 Be7 6. b3 O-O 7. Bb2 b6 8. Bd3 Bb7 9. O-O dxc4 10. bxc4 c5 11. Rc1 cxd4 12. exd4 Rc8 13. Qe2 Nb8 14.
Rfd1 Re8 15. Ne5 Nc6 16. Nxc6 Bxc6 17. Ne4 Nxe4 18. Bxe4 Bxe4 19. Qxe4 Bf6 20. Ba3 Qd7 21. c5 Qa4 22. Qe3 Red8 23. cxb6 Rxc1 24. Qxc1 axb6 25.
Bb2 Qxa2 26. g3 Qb3 27. Ba1 h6 28. Rd2 Qa4 29. Qb2 Ra8 30. Qxb6 Qxa1+ 31. Kg2 Qa5 32. Qb2 Qd5+ 33. Kg1 Rd8 34. h4 Bxd4 35. Qc2 e5 36. Kh2 Ra8 37. Rd1 Qf3 38. Rf1 Rb8 39. Qc4 Rb2 40.
Qc8+ Kh7 41. Qh3 Bxf2 0-1

[Event "*** SCC Grand Prix: Titled Tuesday Blitz"]
[Site "Chess.com"]
[Date "2020.06.02"]
[Round "3"]
[White "1f3_2g41-0"]
[Black "Synctel"]
[Result "1-0"]
[WhiteElo "2254"]
[BlackElo "1916"]
[TimeControl "180+1"]
[EndTime "10:28:39 PDT"]
[Termination "1f3_2g41-0 won on time"]

1. e4 e6 2. d4 d5 3. Nc3 Nf6 4. exd5 exd5 5. Bd3 Be7 6. Nf3 O-O 7. O-O h6 8. Bf4 c5 9. dxc5 Bxc5 10. Nb5 Na6 11. c3 Bg4 12. Rc1 Re8 13. Nbd4 Nc7 14. Qb3 Bb6 15.
Ne5 Ne6 16. Nxe6 Bxe6 17. Bb5 Rf8 18. Rcd1 Qe7 19. Qc2 a6 20. Bd3 Rac8 21. h3 d4 22.
c4 Bc7 23. Rfe1 Rfd8 24. Qb3 b5 25. a4 Bxe5 26. Rxe5 bxc4 27. Bxc4 Bxc4 28. Qxc4 Rxc4 29. Rxe7 d3 30. b3 Rc2 31. Re3 1-0

[Event "*** SCC Grand Prix: Titled Tuesday Blitz"]
[Site "Chess.com"]
[Date "2020.06.02"]
[Round "3"]
[White "Maksimus1998"]
[Black "atalz0"]
[Result "1-0"]
[WhiteElo "2523"]
[BlackElo "2311"]
[TimeControl "180+1"]
[EndTime "10:28:40 PDT"]
[Termination "Maksimus1998 won on time"]

1. e4 d5 2. exd5 Nf6 3. Bb5+ Bd7 4. Bc4 Bg4 5. f3 Bc8 6. Nc3 Nbd7 7. b3 Nb6 8. Bb2 Nfxd5 9. Nxd5 Nxd5 10. Qe2 Nf4 11.
Qf2 e6 12. O-O-O a5 13. Ne2 Nxe2+ 14. Qxe2 a4 15. Kb1 axb3 16. axb3 Qg5 17. Qe5 Qxe5 18. Bxe5 c6 19. Rhe1 b5 20. Bf1 f6 21. Bb2 Kf7 22.
f4 Bd6 23. g3 Re8 24. Bg2 Ra6 25. Re3 Bb7 26. Rde1 Ra7 27. Rd3 Rd8 28. Bh3 Bc8 29. Bd4 c5 30. Bxc5 Ra6 31. Bxd6 Raxd6 32. Rxd6 Rxd6 33.
d3 Bb7 34. Kb2 b4 35. Ra1 Ra6 36. Ra4 Rxa4 37. bxa4 Bd5 38. c4 bxc3+ 39. Kxc3 Ke7 40. Bg4 Kd6 41. Bd1 Kc5 42. Bb3 1-0

[Event "*** SCC Grand Prix: Titled Tuesday Blitz"]
[Site "Chess.com"]
[Date "2020.06.02"]
[Round "3"]
[White "Boudicca64"]
[Black "MacDaddyMac"]
[Result "0-1"]
[WhiteElo "1985"]
[BlackElo "2274"]
[TimeControl "180+1"]
[EndTime "10:28:41 PDT"]
[Termination "MacDaddyMac won on time"]

1. e4 e6 2. d4 d5 3. exd5 exd5 4.
Nf3 Nf6 5. c4 Bg4 6. Nc3 Bb4 7.
Be2 O-O 8. O-O c6 9. Bg5 Bxc3 10.
bxc3 h6 11. Bh4 Nbd7 12. h3 Bh5 13. Ne5 Bxe2 14. Qxe2 Qa5 15. Rab1 Nxe5 16. dxe5 Ne4 17. Rxb7 Nxc3 18. Qg4 Ne4 19. e6 Qc3 20. Be7 f5 21.
Qg6 Rf6 22. Bxf6 Qxf6 23. Qf7+ Qxf7 24. exf7+ Kf8 25. Rfb1 dxc4 26. Rd7 c3 27. Rbb7 c2 28. Rxa7 c1=Q+ 29. Kh2 Qf4+ 30. Kg1 Qxf2+ 31. Kh2 Rxa7 32. Rxa7 Qxa7 0-1

[Event "*** SCC Grand Prix: Titled Tuesday Blitz"]
[Site "Chess.com"]
[Date "2020.06.02"]
[Round "3"]
[White "Sychev_Klementy"]
[Black "MiroVlasenko"]
[Result "1-0"]
[WhiteElo "2843"]
[BlackElo "2632"]
[TimeControl "180+1"]
[EndTime "10:28:43 PDT"]
[Termination "Sychev_Klementy won by resignation"]

1. e4 c5 2. Nf3 a6 3. c3 d5 4. exd5 Qxd5 5. d4 Bg4 6. dxc5 Qxc5 7. Qa4+ Bd7 8. Qh4 e6 9. Bd3 Nf6 10. O-O Be7 11. Be3 Qh5 12. Qg3 O-O 13. Nbd2 Nc6 14. Nc4 Nd5 15. Rad1 Nxe3 16. fxe3 Rad8 17. Nd4 Qg5 18.
Qf2 Bf6 19. Nd6 Be5 20. Nf3 Qh5 21. Nxb7 Rb8 22. Nc5 Bxh2+ 23. Nxh2 Qxc5 24. Bxh7+ Kxh7 25. Rxd7 Ne5 26. Rd4 f5 27. Nf3 Ng4 28. Qh4+ Kg8 29. Ng5 Nh6 30. Nxe6 Qe5 31. Nxf8 Qxe3+ 32. Qf2 Qxf2+ 33.
Rxf2 Rxf8 34. Rd6 a5 35. Rd5 g6 36. Rxa5 Re8 37. Kf1 Ng4 38. Re2 Nh2+ 39. Ke1 Rd8 40. Ra6 Kg7 41. Ree6 1-0

[Event "*** SCC Grand Prix: Titled Tuesday Blitz"]
[Site "Chess.com"]
[Date "2020.06.02"]
[Round "3"]
[White "Muradore"]
[Black "Jenia84"]
[Result "1-0"]
[WhiteElo "2611"]
[BlackElo "2223"]
[TimeControl "180+1"]
[EndTime "10:28:43 PDT"]
[Termination "Muradore won by resignation"]

1. e4 e5 2. Nf3 Nc6 3. Nc3 Nf6 4. Bb5 Bb4 5. O-O O-O 6. d3 Nd4 7. Bc4 Nxf3+ 8. Qxf3 Be7 9. Ne2 d6 10. h3 Be6 11. Ng3 Re8 12. c3 c6 13. Nf5 Bxf5 14. Qxf5 d5 15. Bb3 Qd6 16. Qf3 Rad8 17. Re1 Bf8 18.
Bg5 h6 19. Bxf6 Qxf6 20. Qxf6 gxf6 21. Re3 Bg7 22. Rae1 Kf8 23. h4 dxe4 24. dxe4 Re7 25. h5 Red7 26. g3 Rd2 27. R3e2 Ke7 28. Kg2 b5 29. Kf3 R8d7 30. Kg4 Kd8 31. Kf5 R2d6 32. f4 Bf8 33. Rf1 Be7 34. Bxf7 Rd3 35. Kg4 exf4 36. gxf4 Bc5 37. Bg6 Rd2 38. Rxd2 Rxd2 39. b4 Bb6 40.
Kf5 Ke7 41. a4 bxa4 42. Ra1 Rf2 43. e5 fxe5 44. Kxe5 Bc7+ 45. Kd4 Rxf4+ 46. Kc5 Rf3 47. c4 Bb6+ 48. Kxc6 Rf6+ 49. Kb7 Kd6 50. c5+ Bxc5 51.
bxc5+ Kxc5 52. Rxa4 a6 53. Kc7 Kd5 54. Kd7 Ke5 55. Ke7 Rb6 56. Ra5+ Kf4 57. Kf7 Kg4 58. Kg7 Rb7+ 59. Kxh6 1-0

[Event "*** SCC Grand Prix: Titled Tuesday Blitz"]
[Site "Chess.com"]
[Date "2020.06.02"]
[Round "3"]
[White "Quattroporte300"]
[Black "Girkassa"]
[Result "0-1"]
[WhiteElo "2313"]
[BlackElo "2541"]
[TimeControl "180+1"]
[EndTime "10:28:43 PDT"]
[Termination "Girkassa won by resignation"]

1. e4 e5 2. Nf3 Nc6 3. Bb5 a6 4. Ba4 Nge7 5. c3 g6 6. d4 exd4 7. cxd4 b5 8. Bb3 Bg7 9. O-O O-O 10. h3 Na5 11. Bc2 d6 12. Re1 c5 13. d5 Nc4 14.
Nc3 f5 15. exf5 Nxf5 16. Bd3 Nd4 17. Nxd4 Bxd4 18. Ne4 Nxb2 19. Bxb2 Bxb2 20. Rb1 Bd4 21. a4 b4 22. Rf1 Bf5 23. Qc2 Qh4 24. Kh2 Rae8 25.
f3 Be5+ 26. Kg1 Bf4 27. Qf2 Qh6 28. Qc2 Re5 29. Nxd6 Bxd3 30. Qxd3 Re3 31. Qxa6 g5 32. Rfe1 Rxe1+ 33. Rxe1 Qxd6 34. Qxd6 Bxd6 0-1

[Event "*** SCC Grand Prix: Titled Tuesday Blitz"]
[Site "Chess.com"]
[Date "2020.06.02"]
[Round "3"]
[White "joksijoksi"]
[Black "j2806"]
[Result "1-0"]
[WhiteElo "2335"]
[BlackElo "2115"]
[TimeControl "180+1"]
[EndTime "10:28:43 PDT"]
[Termination "joksijoksi won by checkmate"]

1. d4 Nf6 2. c4 e6 3. Nc3 d5 4.
Nf3 Be7 5. Bg5 Nbd7 6. cxd5 exd5 7. e3 c6 8. Bd3 O-O 9. h3 Re8 10.
Qc2 Nf8 11. g4 g6 12. O-O-O Ne6 13. Bxf6 Bxf6 14. h4 h6 15. g5 hxg5 16. h5 g4 17. Ne5 g5 18. Nxg4 Bg7 19. Ne5 Qf6 20. h6 Bh8 21.
Rdg1 Kf8 22. h7 Ke7 23. Kb1 Bd7 24. Bf5 Kd8 25. Bxe6 Bxe6 26. Na4 Kc7 27. Rc1 Bf5 28.
Nd3 Qg6 29. Rhd1 Qxh7 30. Qc3 Bxd3+ 31. Rxd3 Rac8 32. Qa5+ Kb8 33. Rc3 f5 34. Nc5 Qc7 35. Qa4 f4 36. Ra3 a5 37. Rdb3 Ka8 38. Qxa5+ Qxa5 39. Rxa5+ Kb8 40. Rxb7# 1-0

[Event "*** SCC Grand Prix: Titled Tuesday Blitz"]
[Site "Chess.com"]
[Date "2020.06.02"]
[Round "3"]
[White "Jumbo"]
[Black "SketchyMoves"]
[Result "1-0"]
[WhiteElo "2837"]
[BlackElo "2632"]
[TimeControl "180+1"]
[EndTime "10:28:44 PDT"]
[Termination "Jumbo won by resignation"]

1. d4 e6 2. Nf3 Nf6 3. c4 Bb4+ 4. Bd2 Qe7 5. Nc3 O-O 6. e3 b6 7. Bd3 Bb7 8. O-O d5 9. cxd5 exd5 10. Ne5 c5 11. Rc1 c4 12. Bb1 Nc6 13. f4 Bxc3 14. Bxc3 b5 15. Be1 Ne4 16. Bxe4 dxe4 17. Qh5 f6 18. Ng4 a6 19. a3 Qf7 20. Qh4 Rad8 21. f5 Rfe8 22. Rf4 Ne7 23. Nf2 Nd5 24. Ba5 Nxf4 25.
Qxf4 Rd7 26. Nd1 g5 27. fxg6 hxg6 28. Nc3 Kg7 29. Rf1 Qe6 30. Qg3 Rh8 31. h3 Rh5 32.
Rf4 g5 33. Rf1 Kg6 34. Bc7 Rhh7 35. Bb8 Bd5 36. Ne2 Rh8 37. Nf4+ 1-0

[Event "*** SCC Grand Prix: Titled Tuesday Blitz"]
[Site "Chess.com"]
[Date "2020.06.02"]
[Round "3"]
[White "Olga_Zhuravleva"]
[Black "Moon_stone123"]
[Result "1-0"]
[WhiteElo "2261"]
[BlackElo "2473"]
[TimeControl "180+1"]
[EndTime "10:28:44 PDT"]
[Termination "Olga_Zhuravleva won by checkmate"]

1. e4 c5 2. Nf3 d6 3. d4 cxd4 4. Nxd4 Nf6 5. Nc3 g6 6. Be2 Nc6 7. O-O Bg7 8. Nb3 O-O 9. Re1 a6 10.
Bf1 b5 11. Bg5 Bb7 12. Nd5 Nd7 13. c3 Re8 14. Rc1 Nb6 15. Rc2 Rc8 16. Kh1 Ne5 17.
f4 Nec4 18. Qf3 Nxd5 19. exd5 Nb6 20. Rd2 Qd7 21. h3 Ba8 22. Qd1 Qf5 23. Bd3 Qd7 24. Be4 Nc4 25. Rde2 a5 26. Bf3 Bf8 27. Bg4 f5 28.
Bf3 a4 29. Nd4 h6 30. Bh4 Nb6 31. Ne6 Rc4 32. Qd2 Rcc8 33. Nxf8 Kxf8 34. Rxe7 Rxe7 35.
Rxe7 Qd8 36. Qd4 Qxe7 37. Qh8+ Kf7 38. Qh7+ Kf8 39. Qxe7+ Kg8 40. Qe6+ Kg7 41. Bf6+ Kh7 42. Qf7# 1-0

[Event "*** SCC Grand Prix: Titled Tuesday Blitz"]
[Site "Chess.com"]
[Date "2020.06.02"]
[Round "3"]
[White "eightbyeightchess"]
[Black "memer5334"]
[Result "1-0"]
[WhiteElo "2400"]
[BlackElo "2219"]
[TimeControl "180+1"]
[EndTime "10:28:44 PDT"]
[Termination "eightbyeightchess won by checkmate"]

1. e4 d5 2. exd5 Qxd5 3. Nc3 Qd8 4. h3 Nf6 5. Nf3 g6 6. d4 Bg7 7.
Bc4 O-O 8. O-O Nbd7 9. Re1 c6 10. Bf4 Re8 11. a4 a6 12. a5 h6 13. Qd2 e6 14.
Bxh6 Nd5 15. Nxd5 cxd5 16. Bd3 Nf6 17. Bxg7 Kxg7 18. Ne5 Rh8 19. Re3 Nd7 20. Rg3 Nxe5 21. dxe5 Qc7 22. Qf4 Qe7 23. Ra4 Bd7 24. Rb4 Bc6 25.
c3 Rh6 26. Qe3 Rah8 27. Rf4 Qc7 28. Rf6 Qxa5 29. Qg5 Be8 30. Rgf3 Rf8 31. Rxe6 Qa1+ 32. Kh2 fxe6 33. Rxf8 Kxf8 34. Qxh6+ Ke7 35. Qg7+ Kd8 36. Qxb7 Qe1 37. Qb6+ Ke7 38. Qe3 Qa1 39. Qc5+ Kd7 40. Qb6 Qe1 41. f4 Qd2 42. Qd6+ Kc8 43. Bxa6# 1-0

[Event "*** SCC Grand Prix: Titled Tuesday Blitz"]
[Site "Chess.com"]
[Date "2020.06.02"]
[Round "3"]
[White "FightingChess"]
[Black "csati17"]
[Result "0-1"]
[WhiteElo "2354"]
[BlackElo "2554"]
[TimeControl "180+1"]
[EndTime "10:28:45 PDT"]
[Termination "csati17 won by resignation"]

1. e4 e6 2. d4 d5 3. Nd2 Nf6 4.
e5 Nfd7 5. Bd3 c5 6. c3 Nc6 7.
Ne2 cxd4 8. cxd4 f6 9. exf6 Nxf6 10. Nf3 Bd6 11. O-O Qc7 12. Bg5 O-O 13. Bh4 Bd7 14. Bg3 a6 15. Rc1 Bxg3 16. hxg3 Qd6 17. Qd2 Rac8 18.
a3 e5 19. dxe5 Nxe5 20. Nxe5 Qxe5 21. Nd4 Rxc1 22. Rxc1 Ng4 23. Nf3 Qh5 24. Qg5 Qxg5 25. Nxg5 Rxf2 26. Rc7 h6 27. Rxd7 hxg5 28. Rd8+ Kf7 29.
Rd7+ Kf6 30. Rxd5 Rxb2 31. Rf5+ Ke6 32. Rf1 Ke5 33. Re1+ Kd6 34. Be4 Ne5 35. Bxb7 Rxb7 0-1

[Event "*** SCC Grand Prix: Titled Tuesday Blitz"]
[Site "Chess.com"]
[Date "2020.06.02"]
[Round "3"]
[White "Kira170"]
[Black "maciek_92"]
[Result "0-1"]
[WhiteElo "2618"]
[BlackElo "2813"]
[TimeControl "180+1"]
[EndTime "10:28:46 PDT"]
[Termination "maciek_92 won on time"]

1. e4 c5 2. b3 Nc6 3. Bb2 e5 4. Bc4 d6 5. Ne2 g6 6. O-O Bg7 7. f4 Nf6 8. d3 O-O 9. Nbc3 Nd4 10. a4 Be6 11. Qd2 Qd7 12. Nxd4 cxd4 13. Ne2 Ng4 14. c3 Ne3 15. cxd4 Nxf1 16. Rxf1 Bxc4 17. dxc4 exf4 18.
Nxf4 Rae8 19. Re1 f5 20. e5 dxe5 21. Nd5 e4 22. g3 h6 23. Kg2 g5 24. Rf1 f4 25. gxf4 Qg4+ 26. Kh1 gxf4 27. Qg2 Qxg2+ 28. Kxg2 f3+ 29. Kf2 Rf5 0-1

[Event "*** SCC Grand Prix: Titled Tuesday Blitz"]
[Site "Chess.com"]
[Date "2020.06.02"]
[Round "3"]
[White "maximnovik"]
[Black "Illingworth"]
[Result "0-1"]
[WhiteElo "2449"]
[BlackElo "2893"]
[TimeControl "180+1"]
[EndTime "10:28:46 PDT"]
[Termination "Illingworth won on time"]

1. d4 d5 2. c4 c6 3. Bf4 dxc4 4. e3 b5 5. a4 e6 6. axb5 cxb5 7. Nc3 Bb4 8. Be2 Nf6 9. Bf3 Nd5 10. Ne2 Bb7 11.
O-O Nxc3 12. Nxc3 Qd7 13. Bxb7 Qxb7 14. Qh5 Bxc3 15. bxc3 O-O 16. Rfb1 a6 17. f3 Nd7 18. e4 f5 19. Bd6 Rf7 20. Re1 Nf6 21. Qh4 Qc6 22.
Be5 fxe4 23. fxe4 Raf8 24. h3 Nd7 25. Bg3 Rf6 26. Kh2 Rh6 27. Qg4 Rg6 28. Qe2 e5 29.
Rad1 Re8 30. Qh5 Nf6 31. Qf5 exd4 32. Rxd4 Qe6 33. Qc5 Nd7 34. Qa7 Ne5 35. Rf1 Nc6 36. Rd6 Nxa7 37. Rxe6 Rgxe6 0-1

[Event "*** SCC Grand Prix: Titled Tuesday Blitz"]
[Site "Chess.com"]
[Date "2020.06.02"]
[Round "3"]
[White "crossingthestreet"]
[Black "Escanor89"]
[Result "0-1"]
[WhiteElo "2369"]
[BlackElo "2569"]
[TimeControl "180+1"]
[EndTime "10:28:46 PDT"]
[Termination "Escanor89 won by checkmate"]

1. c4 Nf6 2. Nc3 g6 3. e4 d6 4.
d4 Bg7 5. Be2 O-O 6. Be3 c6 7. g4 e5 8. d5 cxd5 9. cxd5 Qa5 10. f3 h5 11. g5 Nfd7 12. h4 Na6 13. Qd2 Nac5 14. Rb1 Qd8 15. b4 Na6 16. Nh3 Nc7 17. Nf2 a6 18. a4 Kh7 19. Nd3 b6 20. Kf2 a5 21. Nb5 Nxb5 22. axb5 f5 23. gxf6 Bxf6 24.
Bg5 axb4 25. Nxb4 Nc5 26. Qe3 Bxg5 27. hxg5 Rf4 28. Rbg1 Nxe4+ 29. Ke1 Ra1+ 30. Bd1 Nc5 31. Nc6 Qf8 32. Qc3 Ra2 33. Rxh5+ gxh5 34. g6+ Kg7 35. Nxe5 dxe5 36. Qxe5+ Qf6 37. Qxh5 Qc3+ 38. Kf1 Qd3+ 39.
Ke1 Qd2+ 40. Kf1 Qxd1# 0-1

[Event "*** SCC Grand Prix: Titled Tuesday Blitz"]
[Site "Chess.com"]
[Date "2020.06.02"]
[Round "3"]
[White "nihalsarin"]
[Black "Semen_Khanin"]
[Result "1-0"]
[WhiteElo "3017"]
[BlackElo "2700"]
[TimeControl "180+1"]
[EndTime "10:28:47 PDT"]
[Termination "nihalsarin won by resignation"]

1. e4 e5 2. Nc3 Nc6 3. Bc4 Nf6 4. d3 Na5 5. Nge2 Bb4 6. O-O Nxc4 7. dxc4 d6 8. h3 O-O 9. Bg5 h6 10. Bxf6 gxf6 11.
Nd5 Bc5 12. Ng3 c6 13. Ne3 Kh7 14. Qh5 Rg8 15. Ngf5 Bxe3 16. Qxf7+ Kh8 17. fxe3 Bxf5 18. Rxf5 Qb6 19. Qxf6+ Kh7 20. Re1 Rg6 21. Qe7+ Rg7 22. Qxd6 Rag8 23. Re2 Qxb2 24. Rf6 Rg6 25. Rxg6 Rxg6 26.
Qd7+ Rg7 27. Qf5+ Kh8 28. Kh2 Qxa2 29. Rd2 Qa5 30. Rd6 Qc7 31. Rxh6+ Kg8 32. Qe6+ Qf7 33. Qc8+ Qf8 1-0

[Event "*** SCC Grand Prix: Titled Tuesday Blitz"]
[Site "Chess.com"]
[Date "2020.06.02"]
[Round "3"]
[White "killer311"]
[Black "aleksandrovaleksei"]
[Result "1-0"]
[WhiteElo "2390"]
[BlackElo "2562"]
[TimeControl "180+1"]
[EndTime "10:28:47 PDT"]
[Termination "killer311 won on time"]

1. d4 Nf6 2. c4 e6 3. e3 d5 4. Nf3 Nbd7 5. b3 Bb4+ 6. Nbd2 Ne4 7. Bd3 Ndf6 8. O-O b6 9. Qc2 Nxd2 10. Bxd2 Bxd2 11. Nxd2 c6 12. Rfe1 O-O 13. cxd5 cxd5 14. Qc6 Bd7 15. Qd6 Qb8 16. Qxb8 Raxb8 17. Rac1 a5 18. f3 Rfc8 19. Kf2 Kf8 20. Ke2 Ke7 21.
Nb1 b5 22. Nc3 b4 23. Nb1 Ne8 24. Nd2 Nd6 25. e4 dxe4 26. fxe4 Nb5 27. Bxb5 Bxb5+ 28. Ke3 e5 29. dxe5 a4 30. bxa4 Bxa4 31. Rxc8 Rxc8 32. Rb1 Rc3+ 33. Kd4 Rc2 34. Nf3 Rxg2 35. Rxb4 Rxa2 36.
Rb7+ Bd7 37. Ng5 Rxh2 38. Nxf7 Rh1 39. Ng5 h6 40. Nf3 g5 41. Ke3 g4 42. Nd4 Kd8 43. e6 Be8 44. Nf5 Bc6 45. e7+ 1-0

[Event "*** SCC Grand Prix: Titled Tuesday Blitz"]
[Site "Chess.com"]
[Date "2020.06.02"]
[Round "3"]
[White "Kanthecarowin"]
[Black "MPGM"]
[Result "0-1"]
[WhiteElo "2333"]
[BlackElo "2528"]
[TimeControl "180+1"]
[EndTime "10:28:47 PDT"]
[Termination "MPGM won on time"]

1. d4 d5 2. c4 e6 3. Nc3 a6 4.
Nf3 dxc4 5. a4 Nc6 6. Bg5 Be7 7.
Bxe7 Ngxe7 8. e3 Na5 9. Ne5 O-O 10. Nxc4 c5 11. dxc5 Nd5 12. Nxd5 Nxc4 13. Bxc4 exd5 14. Qxd5 Qa5+ 15. Qd2 Qxc5 16. Rc1 Qg5 17. O-O Rd8 18. Qe2 Bf5 19. Rfd1 Be4 20. f3 Bc6 21. b3 h5 22.
e4 h4 23. Kh1 a5 24. Rc2 Rxd1+ 25. Qxd1 Rd8 26. Qe2 g6 27. Bd5 Bxd5 28. Rc5 Qf6 0-1

[Event "*** SCC Grand Prix: Titled Tuesday Blitz"]
[Site "Chess.com"]
[Date "2020.06.02"]
[Round "3"]
[White "Nara_Kh"]
[Black "Quiet_Desperation"]
[Result "1-0"]
[WhiteElo "2314"]
[BlackElo "2064"]
[TimeControl "180+1"]
[EndTime "10:28:47 PDT"]
[Termination "Nara_Kh won on time"]

1. e4 e6 2. d4 d5 3. Nd2 Nf6 4. e5 Nfd7 5. Bd3 c5 6. c3 Nc6 7.
Ngf3 Be7 8. O-O g5 9. dxc5 g4 10. Nd4 Ndxe5 11. Bb5 Bxc5 12. f4 gxf3 13. Nxf3 Bd7 14.
Bxc6 Nxc6 15. Ng5 Qb6 16. Nxf7 Bxd4+ 17. cxd4 Rf8 18. Qh5 Qxd4+ 19. Kh1 Qg7 20. Ne5+ Kd8 21. Bg5+ Kc7 22. Nf7 Qxb2 23. Bf4+ e5 24. Bxe5+ Nxe5 25. Nxe5 Rxf1+ 26. Rxf1 Bc6 27. Qxh7+ Kb6 28. Rb1 Qxb1+ 29. Qxb1+ Kc7 30. Qh7+ Kb6 31. Nd3 Re8 32. h4 d4 33.
Nb4 1-0

[Event "*** SCC Grand Prix: Titled Tuesday Blitz"]
[Site "Chess.com"]
[Date "2020.06.02"]
[Round "3"]
[White "pooh2012"]
[Black "tigra"]
[Result "0-1"]
[WhiteElo "2428"]
[BlackElo "2719"]
[TimeControl "180+1"]
[EndTime "10:28:48 PDT"]
[Termination "tigra won by resignation"]

1. e4 c5 2. Nf3 e6 3. g3 d6 4. Bg2 Nf6 5. d3 Be7 6. O-O O-O 7. Qe2 e5 8. c3 Nc6 9. a4 Bg4 10. h3 Be6 11. Ng5 Bd7 12. Nd2 Ne8 13. Ngf3 Nc7 14. a5 Be6 15. Ne1 Qd7 16. Kh2 f5 17. f4 exf4 18.
gxf4 Rae8 19. Qd1 fxe4 20. dxe4 d5 21. e5 Nd8 22. Ndf3 Bf5 23. Nc2 Be4 24. Ne3 Nde6 25. f5 Bxf5 26. Nxf5 Rxf5 27. Be3 Ref8 28. Qd2 Qb5 29.
Rad1 Qxa5 30. Kh1 Qb5 31. Rf2 b6 32. Rdf1 Qc4 33. Kg1 a5 34. Qe1 Qd3 35. Bc1 a4 36. Be3 h6 37. Bc1 Qa6 38. Qe3 Qa8 39. Nh2 Rxf2 40.
Rxf2 Bg5 41. Qe1 Rxf2 42. Kxf2 Bh4+ 0-1

[Event "*** SCC Grand Prix: Titled Tuesday Blitz"]
[Site "Chess.com"]
[Date "2020.06.02"]
[Round "3"]
[White "Sweafty"]
[Black "DrRiebert"]
[Result "1-0"]
[WhiteElo "2512"]
[BlackElo "2293"]
[TimeControl "180+1"]
[EndTime "10:28:48 PDT"]
[Termination "Sweafty won by resignation"]

1. Nf3 Nf6 2. c4 c6 3. g3 d5 4. Bg2 dxc4 5. a4 g6 6. O-O Bg7 7. Na3 O-O 8. Nxc4 Na6 9. d3 Nb4 10. Bd2 a5 11. Qb3 c5 12. Bc3 Be6 13. Ng5 Bd5 14.
e4 Bc6 15. Rad1 Ne8 16. Bxg7 Nxg7 17. Ne5 Be8 18. d4 cxd4 19. Ngf3 Qc7 20. Rxd4 Ne6 21.
Rc4 Qb6 22. Rfc1 Rd8 23. Bh3 Nd4 24. Nxd4 Rxd4 25. Rc8 Qf6 26. Ng4 Qd6 27. e5 Qb6 28. e6 f5 29. Ne5 Qd6 30. Nd7 Bxd7 31. Rxf8+ Kg7 32. exd7 Kxf8 33. Rc8+ Kg7 34. d8=Q Rd1+ 35. Qxd1 1-0

[Event "*** SCC Grand Prix: Titled Tuesday Blitz"]
[Site "Chess.com"]
[Date "2020.06.02"]
[Round "3"]
[White "Morshynska"]
[Black "BIG_Pirate"]
[Result "0-1"]
[WhiteElo "2160"]
[BlackElo "2362"]
[TimeControl "180+1"]
[EndTime "10:28:48 PDT"]
[Termination "BIG_Pirate won on time"]

1. e4 d5 2. exd5 Qxd5 3. Nc3 Qa5 4. d4 Nf6 5. Bc4 Nc6 6. Nf3 Bg4 7. h3 Bxf3 8. Qxf3 O-O-O 9. Be3 Nxd4 10. Bxd4 Rxd4 11. Bxf7 Re4+ 12. Kf1 Re5 13. g4 e6 14. Kg2 Bd6 15. Rhe1 Rf8 16. Bxe6+ Kb8 17. Rad1 a6 18. Bc4 Ne4 19. Qd3 Nxf2 20. Qd4 Nxd1 21. Rxd1 h5 22. Ne4 hxg4 23. Nxd6 gxh3+ 24. Kh1 Rd8 25. Qg1 Rxd6 26.
Rxd6 cxd6 27. c3 Qc7 28. Bf1 Qe7 29. Bxh3 Re1 0-1

[Event "*** SCC Grand Prix: Titled Tuesday Blitz"]
[Site "Chess.com"]
[Date "2020.06.02"]
[Round "3"]
[White "ecwinslow"]
[Black "GMCarbone"]
[Result "0-1"]
[WhiteElo "2124"]
[BlackElo "2335"]
[TimeControl "180+1"]
[EndTime "10:28:48 PDT"]
[Termination "GMCarbone won on time"]

1. e4 c5 2. Nf3 Nc6 3. d4 cxd4 4. Nxd4 Nf6 5. Nc3 e6 6. Ndb5 Bc5 7. Nd6+ Ke7 8. Bf4 e5 9. Nf5+ Kf8 10. Be3 Bb4 11. Bc4 d6 12. O-O Bxf5 13. exf5 Bxc3 14. bxc3 d5 15. Bb3 h6 16. Bc5+ Kg8 17. c4 d4 18. Re1 Qd7 19. Qf3 e4 20. Qf4 b6 21.
Bd6 Rd8 22. c5 bxc5 23. Bxc5 Na5 24. Rad1 Nxb3 25. axb3 Qc6 26. Bxd4 Qxc2 27. Rc1 Qxb3 28.
Bxf6 gxf6 29. Qxe4 Kh7 30. Qe7 Rhe8 31. Qxf6 Rxe1+ 32. Rxe1 Rd1 33. Qe5 Qd5 34. Qe2 Rxe1+ 35. Qxe1 a5 36.
g4 a4 37. Qc1 Qb3 38. h4 a3 0-1

[Event "*** SCC Grand Prix: Titled Tuesday Blitz"]
[Site "Chess.com"]
[Date "2020.06.02"]
[Round "3"]
[White "snap_man"]
[Black "XxPetroffsxX"]
[Result "1-0"]
[WhiteElo "2298"]
[BlackElo "2045"]
[TimeControl "180+1"]
[EndTime "10:28:48 PDT"]
[Termination "snap_man won on time"]

1. e4 c6 2. d4 d5 3. Nc3 dxe4 4. Nxe4 Bf5 5. Ng3 Bg6 6. Bd3 Nf6 7. Nf3 Nbd7 8. O-O e6 9. b3 Qc7 10. Bb2 Bd6 11. c4 Bxd3 12. Qxd3 h5 13. Rfe1 h4 14. Nf1 Ng4 15. h3 O-O-O 16. hxg4 Nf6 17. N1h2 h3 18.
c5 Bxh2+ 19. Nxh2 hxg2 20. Qg3 Qxg3 21. fxg3 Rh3 22. g5 Nd5 23. Kxg2 Rdh8 24. Nf3 Ne7 25. Nh4 R3xh4 26. gxh4 Rxh4 27. Kf3 Nf5 28. d5 cxd5 29. g6 fxg6 30. Rxe6 g5 31. Re5 Rf4+ 32. Kg2 Nh4+ 33. Kh1 Nf3 34. Rxd5 Rh4+ 35. Kg2 g4 36. Kg3 g5 37. Rxg5 Rh2 38. Rxg4 1-0

[Event "*** SCC Grand Prix: Titled Tuesday Blitz"]
[Site "Chess.com"]
[Date "2020.06.02"]
[Round "3"]
[White "EugeneRougon"]
[Black "Fandorine"]
[Result "0-1"]
[WhiteElo "2654"]
[BlackElo "2908"]
[TimeControl "180+1"]
[EndTime "10:28:49 PDT"]
[Termination "Fandorine won on time"]

1. e4 c5 2. Nf3 d6 3. d4 cxd4 4. Nxd4 Nf6 5. Nc3 a6 6. Be3 e5 7. Nf3 Be7 8. Bc4 Be6 9. Bxe6 fxe6 10. Ng5 Qd7 11. Qf3 d5 12. exd5 exd5 13. O-O-O d4 14. Nce4 O-O 15. Bd2 Nc6 16. Nxf6+ Bxf6 17. Ne4 Kh8 18. Kb1 Rac8 19. h4 Be7 20. Qe2 Qd5 21. h5 Rcd8 22. h6 g6 23. Rh3 b5 24. a3 a5 25. Bc1 Qc4 26. Rhd3 a4 27. Nd2 Qd5 28.
Ne4 b4 29. Ka1 Rb8 30. g3 bxa3 31. bxa3 Qb5 32. Nd2 Bd6 33. Qe4 Rxf2 0-1